 Dungeon Crawl Stone Soup version 0.18.1-50-g88ac8fd (webtiles) character file.

1437 magog001 the Chopper (level 8, -2/73 HPs)
             Began as a Hill Orc Fighter on Mar 9, 2018.
             Was an Initiate of Nemelex Xobeh.
             Killed by divine providence
             ... invoked by an orc priest
              (14 damage)
             ... on level 6 of the Dungeon on Mar 11, 2018.
             The game lasted 00:28:10 (5599 turns).

magog001 the Chopper (Hill Orc Fighter)             Turns: 5599, Time: 00:28:12

Health: -2/73      AC: 17    Str: 21    XL:     8   Next: 74%
Magic:  8/8        EV:  5    Int:  8    God:    Nemelex Xobeh [......]
Gold:   368        SH: 10    Dex: 10    Spells: 0 memorised, 7 levels left

rFire  + . .     SeeInvis .     a - +1 war axe
rCold  x . .     Gourm    .     d - +0 plate armour
rNeg   . . .     Faith    .     c - +0 shield
rPois  .         Spirit   .     D - +0 hat
rElec  .         Dismiss  .     q - +0 cloak
rCorr  .         Reflect  .     (no gloves)
SustAt .         Harm     .     p - +2 pair of boots
MR     .....                    (no amulet)
Stlth  ..........               (no ring)
                                z - ring of fire

@: not resistant to hostile enchantments, extremely unstealthy
A: no striking features
a: Renounce Religion, Convert to Beogh


You were on level 6 of the Dungeon.
You worshipped Nemelex Xobeh.
Nemelex Xobeh was noncommittal.
You were not hungry.

You visited 2 branches of the dungeon, and saw 7 of its levels.
You also visited: Sewer.

You collected 368 gold pieces.

Inventory:

Hand Weapons
 a - a +1 war axe (weapon)
 u - a +1 flail of draining
 v - a +0 blowgun
Missiles
 e - 10 sling bullets
 k - 20 poisoned needles
 y - a tomahawk of dispersal (quivered)
Armour
 c - a +0 shield (worn)
 d - a +0 plate armour (worn)
 p - a +2 pair of boots (worn)
 q - a +0 cloak (worn)
 D - a +0 hat (worn)
Jewellery
 z - a ring of fire (left hand)
Wands
 b - a wand of digging (3/24)
 x - a wand of flame (22/48)
 A - a wand of paralysis (10/24)
Scrolls
 i - a scroll of teleportation
 r - a scroll of blinking
 w - a scroll of amnesia
Potions
 g - a potion of agility {unknown}
 h - a potion of heal wounds
 j - a potion of lignification
 l - a potion of curing {unknown}
 m - a potion of degeneration {unknown}
 n - 3 potions of flight {unknown}
 B - a potion of mutation {unknown}
 E - a potion of brilliance {unknown}
 F - a potion of haste {unknown}
Miscellaneous
 s - a plain deck of destruction
Comestibles
 f - 4 bread rations
 o - a meat ration
 t - a royal jelly
 C - 7 chunks of flesh


   Skills:
 + Level 7.2 Fighting
 + Level 7.5 Axes
 + Level 6.2 Armour
 - Level 0.5 Dodging
 + Level 6.8 Shields


You had 7 spell levels left.
You didn't know any spells.

Dungeon Overview and Level Annotations

Branches:
Dungeon (6/15)             Temple (1/1) D:5

Altars:
Ashenzari
Cheibriados
Dithmenos
Elyvilon
Fedhas
Kikubaaqudgha
Makhleb
Nemelex Xobeh
Pakellas
Ru
Vehumet
Xom
Yredelemnul
Zin
The Shining One
Beogh


Message History

The orc priest is severely wounded.
The orc priest barely misses you.
You closely miss the orc warrior.
The orc priest calls upon Beogh to heal the orc priest.
The orc priest is healed somewhat.
You hit the orc warrior but do no damage.
The orc priest shouts, "Beogh is our master!
Accept the truth or die!"
The orc warrior hits you with a dire flail!
* * * LOW HITPOINT WARNING * * *
The orc priest calls upon Beogh to heal the orc priest.
The orc priest is healed somewhat.
Your plate armour prevents you from hitting the orc warrior.
The orc warrior barely misses you.
You slash the orc warrior!
The orc warrior is moderately wounded.
You block the orc warrior's attack.
The orc priest mumbles some strange prayers to Beogh against you.
Beogh smites you!
You die...
Your body disappears without a glow.

... #.#
... #.#
#.#
#.##.##
#...oo#
#.###o#
.. #@#
#. #.#
# #.#
#.# #.#
#.# #.#
#.# #.
#.#


You could see an orc warrior and 2 orc priests.

Vanquished Creatures
  The ghost of Amnesiac the Slicer, a novice VSFi (D:5)
  Duvessa (D:5)
  Purgy (Sewer)
  An ogre (D:5)
  A necrophage (D:6)
  Dowan (D:5)
  A scorpion (Temple)
  A hound (D:4)
  2 jellies (D:5)
  3 orc priests (D:3)
  5 orc wizards
  2 giant frog skeletons (D:5)
  An iguana (D:4)
  3 worker ants (D:4)
  A gnoll (D:1)
  4 adders
  A river rat (D:5)
  A shadow imp (D:5)
  An adder skeleton (D:4)
  4 worms
  2 dart slugs (D:1)
  6 giant geckos
  21 orcs
  2 ball pythons
  9 bats
  5 giant cockroaches
  7 goblins
  11 hobgoblins
  8 jackals
  6 quokkas
  5 giant newts
  7 kobolds
  5 rats
130 creatures vanquished.

Notes
Turn   | Place    | Note
--------------------------------------------------------------
     0 | D:1      | magog001 the Hill Orc Fighter began the quest for the Orb.
     0 | D:1      | Reached XP level 1. HP: 19/19 MP: 1/1
   136 | D:1      | Reached XP level 2. HP: 18/27 MP: 2/2
   535 | D:1      | Reached XP level 3. HP: 31/33 MP: 3/3
  1628 | D:2      | Found an ancient bone altar of Kikubaaqudgha.
  1886 | D:2      | Reached XP level 4. HP: 40/40 MP: 4/4
  2716 | D:3      | Found a roughly hewn altar of Beogh.
  2723 | D:3      | Reached XP level 5. HP: 27/46 MP: 5/5
  2866 | D:3      | Reached skill level 5 in Shields
  2866 | D:3      | Reached XP level 6. HP: 50/53 MP: 6/6
  2932 | D:3      | Found a basalt altar of Yredelemnul.
  2934 | D:3      | Found a burning altar of Makhleb.
  3364 | D:4      | Reached skill level 5 in Fighting
  3454 | D:4      | Found a snail-covered altar of Cheibriados.
  3679 | D:4      | Reached skill level 5 in Axes
  3679 | D:4      | Reached XP level 7. HP: 48/61 MP: 7/7
  4062 | D:5      | Entered Level 5 of the Dungeon
  4249 | D:5      | Found a glowing drain.
  4253 | Sewer    | Entered a sewer
  4382 | Sewer    | Noticed Purgy
  4386 | Sewer    | Killed Purgy
  4462 | D:5      | Reached skill level 5 in Armour
  4727 | D:5      | Found a staircase to the Ecumenical Temple.
  4745 | Temple   | Entered the Ecumenical Temple
  4763 | Temple   | Reached XP level 8. HP: 57/71 MP: 8/8
  5099 | Temple   | Became a worshipper of Nemelex Xobeh the Trickster
  5105 | Temple   | Received a gift from Nemelex Xobeh
  5208 | D:5      | Noticed Amnesiac's ghost (novice VSFi)
  5222 | D:5      | Killed Amnesiac's ghost
  5344 | D:5      | Found a sacrificial altar of Ru.
  5444 | D:5      | Noticed Dowan
  5446 | D:5      | Noticed Duvessa
  5465 | D:5      | Killed Duvessa
  5473 | D:5      | Killed Dowan
  5599 | D:6      | Killed from afar by an orc priest

Skill      XL: |  1  2  3  4  5  6  7  8 |
---------------+-------------------------+-----
Axes           | 3 5 6 7 |  7.5
Fighting       | 4 5 6 7 |  7.2
Armour         | 4 5 6 |  6.2
Shields        | 4 5 6 |  6.8
Dodging        | |  0.5

Action                   |  1- 3 |  4- 6 |  7- 9 || total
-------------------------+-------+-------+-------++-------
Melee: War axe           |   134 |   184 |   172 ||   490
  Use: Scroll            |     5 |     2 |     3 ||    10
       Potion            |     1 |       |     2 ||     3
  Eat: Chunk             |     3 |     6 |     2 ||    11
       Beef jerky        |       |       |     1 ||     1
       Meat ration       |       |       |     1 ||     1
Armor: Scale mail        |    59 |    19 |    13 ||    91
       Leather armour    |    22 |    73 |       ||    95
       Plate armour      |       |       |    84 ||    84
       Skin              |       |       |    21 ||    21
Dodge: Dodged            |    40 |    92 |    36 ||   168
Block: Shield            |    85 |   117 |    92 ||   294
